 Dungeon Crawl Stone Soup version 0.28-a0-175-gb2089b6bb7 (webtiles) character file.

Game seed: 12414608272960230841

192 Arne the Grave Robber (level 5, 0/36 HPs)
             Began as a Vampire Necromancer on Aug 17, 2021.
             Slain by an orc priest (8 damage)
             ... on level 3 of the Dungeon.
             The game lasted 00:24:21 (2455 turns).

Arne the Grave Robber (Vampire Necromancer)         Turns: 2455, Time: 00:24:21

Health: 0/36       AC:  2    Str:  7    XL:     5   Next: 42%
Magic:  7/9        EV: 12    Int: 18    God:
Gold:   59         SH:  3    Dex: 15    Spells: 9/10 levels left

rFire   . . .      SeeInvis +   e - +0 short sword
rCold   . . .      Faith    .   j - +0 buckler
rNeg    . . .      Spirit   .   a - +0 robe
rPois   .          Reflect  .   (no helmet)
rElec   .          Harm     .   (no cloak)
rCorr   .          Rampage  .   (no gloves)
Will    .....                   (no boots)
Stlth   ++........              (no amulet)
HPRegen 0.32/turn               (no ring)
MPRegen 0.11/turn               (no ring)

@: healing quickly
A: alive, fangs 3, see invisible, vampiric 2
a: Exsanguinate


You were on level 3 of the Dungeon.
You visited 1 branch of the dungeon, and saw 3 of its levels.

You collected 59 gold pieces.

Inventory:

Hand Weapons
 c - a +0 club
 e - a +0 short sword (weapon)
 g - a +1 whip of distortion
 n - a +2 mace of holy wrath
 o - a +1 dagger of venom
Armour
 a - a +0 robe (worn)
 j - a +0 buckler (worn)
 l - a +1 chain mail
Jewellery
 f - a ring of resist corrosion
 m - a ring of ice
Scrolls
 b - 2 scrolls of identify
 d - 2 scrolls of noise
 h - a scroll of vulnerability {unknown}
 k - a scroll of teleportation {unknown}


   Skills:
 + Level 0.7 Fighting
 + Level 1.9 Short Blades
 + Level 0.4 Maces & Flails
 + Level 0.6 Armour
 + Level 2.8 Dodging
 + Level 3.6 Stealth
 + Level 0.1 Shields
 * Level 3.1 Spellcasting
 + Level 5.4 Necromancy


You had 9 spell levels left.
You knew the following spells:

 Your Spells              Type           Power      Damage    Failure   Level
a - Pain                  Necr           88%        1d8       2%          1

Your spell library contained the following spells:

 Spells                   Type           Power      Damage    Failure   Level
 Animate Skeleton         Necr           44%        N/A       2%          1
 Vampiric Draining        Necr           11%        2d7       9%          3
 Animate Dead             Necr           11%        N/A       26%         4
 Blink                    Tloc           N/A        N/A       36%         2
 Agony                    Necr           22%        N/A       58%         5
 Call Canine Familiar     Summ           2%         N/A       61%         3
 Lesser Beckoning         Tloc           1%         N/A       61%         3
 Portal Projectile        Hex/Tloc       4%         N/A       61%         3
 Leda's Liquefaction      Hex/Erth       1%         N/A       95%         4
 Manifold Assault         Tloc           2%         N/A       100%        5


Dungeon Overview and Level Annotations

Branches:
Dungeon (3/15)

Altars:

Shops:
D:3 :


Innate Abilities, Weirdness & Mutations

Your natural rate of healing is accelerated.
You have razor-sharp teeth.
You have supernaturally acute eyesight. (SInv)
You are afflicted with vampirism and can become a bat while bloodless.


Message History

Aiming: Pain (safe; 2% risk of failure)
Press: ? - help, Shift-Dir - straight line, f - orc priest
Aim: an orc priest, wielding a +0 war axe and wearing a +0 scale mail (chance to affect: 81%)
The orc priest barely resists.
The orc priest begins to cast a cantrip, but forgets the words!
Casting: Pain (safe; 2% risk of failure)
Confirm with . or Enter, or press ? or * to list all spells.
Aiming: Pain (safe; 2% risk of failure)
Press: ? - help, Shift-Dir - straight line, f/p - orc priest
Aim: an orc priest, wielding a +0 war axe and wearing a +0 scale mail (chance to affect: 81%)
You miscast Pain.
You are very lightly contaminated with residual magic.
Nothing appears to happen.
The orc priest barely misses you.
Unknown command.
You hit the orc priest but do no damage.
Your bite misses the orc priest.
The orc priest hits you but does no damage.
Casting: Pain (safe; 2% risk of failure)
Confirm with . or Enter, or press ? or * to list all spells.
Aiming: Pain (safe; 2% risk of failure)
Press: ? - help, Shift-Dir - straight line, f/p - orc priest
Aim: an orc priest, wielding a +0 war axe and wearing a +0 scale mail (chance to affect: 81%)
The orc priest writhes in agony.
The orc priest calls down the wrath of Beogh upon you.
You struggle to resist.
You closely miss the orc priest.
You bite the orc priest, but do no damage.
The orc priest is moderately wounded.
You block the orc priest's attack.
You barely miss the orc priest.
The orc priest is moderately wounded.
The orc priest barely misses you.
You hit the orc priest but do no damage.
The orc priest is moderately wounded.
The orc priest begins to cast a cantrip, but forgets the words!
Your magical contamination has completely faded away.
You hit the orc priest but do no damage.
The orc priest is moderately wounded.
The orc priest hits you with a +0 war axe!
You die...

....# #.# #....#
....# #.# ####.#
....# #.# #.#
....#####.########
#.#
................>#
#.#
.....#############
#.# .....# #.#
.###.# ###########
#.# .+ ....
......ro@.# #.# .#
#.############.#
#.# ...### #.# #.#
§≈..# #.# #.#
§≈≈.# #.####.#
§≈§.# #......#
≈§≈.# ########


You could see an orc priest and a rat.

Vanquished Creatures
  A centaur zombie (D:3)
  A jelly (D:3)
  Jessica (D:3)
  3 adders
  2 worms (D:2)
  A dart slug (D:1)
  3 orcs (D:3)
  9 ball pythons
  5 endoplasms
  3 giant cockroaches (D:1)
  8 goblins
  8 hobgoblins
  5 kobolds
  2 quokkas (D:2)
  6 bats
  4 frilled lizards
  3 rats
65 creatures vanquished.

Notes
Turn   | Place    | Note
-------+----------+-------------------------------------------
     0 | D:1      | Arne the Vampire Necromancer began the quest for the Orb.
     0 | D:1      | Reached XP level 1. HP: 13/13 MP: 3/3
    54 | D:1      | Found a faded altar of an unknown god.
    73 | D:1      | Reached XP level 2. HP: 10/19 MP: 1/5
   513 | D:1      | Reached skill level 5 in Necromancy
   752 | D:1      | Gained mutation: You are afflicted with vampirism and can
                  | become a bat while bloodless. [Vampire growth]
   752 | D:1      | Reached XP level 3. HP: 24/25 MP: 4/6
  1314 | D:2      | Reached XP level 4. HP: 16/31 MP: 0/7
  1757 | D:3      | Found Tebaretwo's Book Shop.
  1803 | D:3      | Noticed Jessica
  1861 | D:3      | Killed Jessica
  1862 | D:3      | Reached skill level 1 in Short Blades
  1936 | D:3      | Reached XP level 5. HP: 33/36 MP: 5/9
  2455 | D:3      | Slain by an orc priest

Illustrated notes

Levels and vault maps discovered:
D:1:      nzn_arrival_water_spiral, layout_loops_corners,
          ebering_ecumenical_altar_webs
D:2:      layout_basic, grunt_ministairs_8, lemuel_flame_loot_1
D:3:      layout_basic, serial_shops, nicolae_square_shop,
          nicolae_lakefront_shop, minmay_vboxes, uniq_jessica

Skill      XL: |  1  2  3  4  5 |
---------------+----------------+-----
Necromancy     | 5 |  5.4
Short Blades   | 1 |  1.9
Spellcasting   | 3 |  3.1
Fighting       | |  0.7
Maces & Flails | |  0.4
Armour         | |  0.6
Dodging        | |  2.8
Stealth        | |  3.6
Shields        | |  0.1

Action                   |  1- 3 |  4- 6 || total
-------------------------+-------+-------++-------
Melee: Club              |    23 |       ||    23
       Bite              |     5 |    13 ||    18
       Short sword       |    45 |   133 ||   178
 Cast: Pain              |    45 |    15 ||    60
  Use: Scroll            |       |     3 ||     3
       Potion            |       |     2 ||     2
 Stab: Sleeping          |     3 |       ||     3
Armor: Robe              |    12 |    11 ||    23
       Chain mail        |       |    88 ||    88
Dodge: Dodged            |    42 |    34 ||    76
Block: Buckler           |       |    19 ||    19

Table legend: (Time is in decaauts)
 A = Elapsed time spent in this place.
 B = Non-inter-level travel time spent in this place.
 C = Inter-level travel time spent in this place.
 D = Time resting spent in this place.
 E = Time spent auto-exploring this place.
 F = Levels seen in this place.
 G = Mean time per level.
                   A        B        C        D        E       F      G
               +--------+--------+--------+--------+--------+-----+--------+
         Total |   2485 |   2485 |      0 |    184 |     10 |   3 |  828.3 |
       Dungeon |   2485 |   2485 |      0 |    184 |     10 |   3 |  828.3 |
               +--------+--------+--------+--------+--------+-----+--------+

Top non-repeatable levels by time:
     D:1: 893 daAuts
     D:2: 879 daAuts
     D:3: 712 daAuts
